 Dungeon Crawl Stone Soup version 0.26-a0-30-g56b8cd3df0 (webtiles) character file.

Game seed: 2501588127285842614, levelgen mode: deterministic

58 Gwenloh the Skirmisher (level 3, 0/46 HPs)
             Began as a Centaur Fighter on May 29, 2020.
             Slain by Purgy (3 damage)
             ... in a sewer.
             The game lasted 00:08:02 (1861 turns).

Gwenloh the Skirmisher (Centaur Fighter)            Turns: 1861, Time: 00:08:02

Health: 0/46       AC:  6    Str: 18    XL:     3   Next: 76%
Magic:  3/3        EV:  5    Int:  7    God:
Gold:   40         SH:  8    Dex:  9    Spells: 2/2 levels left

rFire    . . .     SeeInvis .   a - +0 trident
rCold    . . .     Gourm    .   c - +0 kite shield
rNeg     . . .     Faith    .   b - +0 scale mail
rPois    .         Spirit   .   (no helmet)
rElec    .         Reflect  .   (no cloak)
rCorr    .         Harm     .   (no gloves)
MR       .....                  (no barding)
Stlth    ..........             (no amulet)
HPRegen  0.15/turn              (no ring)
MPRegen  0.08/turn              (no ring)

@: berserking (expiring), very quick
A: large, hooves 3, deformed body, speed 2, tough skin 3
a: no special abilities


You were in a sewer.
You were not hungry.

You visited 1 branch of the dungeon, and saw 3 of its levels.
You also visited: Sewer.

You collected 40 gold pieces.

Inventory:

Hand Weapons
 a - a +0 trident (weapon)
Missiles
 e - a poisoned dart (quivered)
 k - 87 stones
Armour
 b - a +0 scale mail (worn)
 c - a +0 kite shield (worn)
Scrolls
 g - a scroll of teleportation
 h - 2 scrolls of remove curse
 l - a scroll of amnesia
Potions
 i - a potion of berserk rage
 j - a potion of degeneration {unknown}
 m - a potion of stabbing {unknown}
 n - a potion of heal wounds {unknown}
 o - a potion of brilliance {unknown}
 p - a potion of invisibility {unknown}
Comestibles
 d - a chunk of flesh
 f - 8 rations


   Skills:
 + Level 3.6 Fighting
 + Level 2.6 Polearms
 + Level 2.7 Armour
 - Level 2.1 Shields


You had 2 spell levels left.
You didn't know any spells.
Your spell library was empty.

Dungeon Overview and Level Annotations

Branches:
Dungeon (3/15)              Sewer (1/1)

Altars:
Vehumet

Annotations:
D:3 Jessica Sewer Purgy


Innate Abilities, Weirdness & Mutations

You have hooves in place of feet.
Armour fits poorly on your strangely shaped body.
You cover ground very quickly.
You have extremely tough skin. (AC +3)


Message History

Purgy is moderately wounded.
Purgy bites you but does no damage. Purgy claws you but does no damage.
Purgy claws you.
* * * LOW HITPOINT WARNING * * *
You puncture Purgy!
Purgy is severely wounded.
Purgy bites you but does no damage. Purgy claws you but does no damage. x2
You puncture Purgy!
Purgy is almost dead.
Purgy bites you.
* * * LOW HITPOINT WARNING * * *
Purgy claws you.
* * * LOW HITPOINT WARNING * * *
Purgy claws you but does no damage.
You closely miss Purgy.
Purgy is almost dead.
Purgy bites you!
* * * LOW HITPOINT WARNING * * *
Purgy claws you.
You die...

# ##### ## ##.....
.# ###...≈.≈ ## )
.# ###....≈#
..##.$ .###....≈#
≈≈.≈## ≈).≈≈...##
#..≈.((
≈###...≈.###
###.≈..≈# .#
###.≈≈.≈####≈....#
.# ###...≈...≈@T#
## ###......### #
######## # # #


You could see Purgy.

Vanquished Creatures
  An adder (D:2)
  A worm (D:3)
  A giant cockroach (D:1)
  6 goblins
  8 hobgoblins
  5 jackals
  A ball python (D:2)
  4 bats (D:1)
  3 frilled lizards
  7 kobolds
  7 rats
44 creatures vanquished.

Notes
Turn   | Place    | Note
-------+----------+-------------------------------------------
     0 | D:1      | Gwenloh the Centaur Fighter began the quest for the Orb.
     0 | D:1      | Reached XP level 1. HP: 19/19 MP: 1/1
   134 | D:1      | Reached XP level 2. HP: 23/26 MP: 2/2
   764 | D:2      | Reached XP level 3. HP: 31/31 MP: 3/3
  1021 | D:2      | Found a radiant altar of Vehumet.
  1223 | D:3      | Noticed Jessica
  1609 | D:3      | Found a glowing drain.
  1636 | Sewer    | Entered a sewer
  1849 | Sewer    | Noticed Purgy
  1861 | Sewer    | Slain by Purgy

Illustrated notes

Levels and vault maps discovered:
D:1:      giann_wishing_wells, layout_rooms
D:2:      layout_rooms, marbit_many_paths, first_ration, serial_park_tiny_pond
D:3:      layout_basic, cheibrodos_sewer_entry_bend, uniq_jessica
Sewer:    sewer_the_crocodile

Skill      XL: |  1 |
---------------+----+-----
Polearms       | 2 |  2.6
Fighting       | |  3.6
Armour         | |  2.7
Shields        | |  2.1

Action                   || total
-------------------------++-------
Melee: Trident           ||   132
       Kick              ||    12
Throw: Stone             ||    59
       Dart              ||     4
  Use: Scroll            ||     5
       Potion            ||     2
  Eat: Chunk             ||     2
Armor: Scale mail        ||    51
Dodge: Dodged            ||    23
Block: Kite shield       ||    33

Table legend:
 A = Non-vault XP
 B = Vault XP
 C = Vault XP percentage of total XP
 D = Non-vault monster count
 E = Vault monster count
 F = Vault count percentage of total count
                 A         B        C        D         E       F
            +---------+---------+-------+---------+---------+-------
      Total |      68 |      16 |  19.0 |      37 |       7 |  15.9
            +---------+---------+-------+---------+---------+-------
        D:1 |      32 |       0 |   0.0 |      20 |       0 |   0.0
        D:2 |      28 |       2 |   6.7 |      12 |       1 |   7.7
        D:3 |       8 |       5 |  38.5 |       5 |       1 |  16.7
      Sewer |       0 |       9 | 100.0 |       0 |       5 | 100.0
            +---------+---------+-------+---------+---------+-------
